 Dungeon Crawl Stone Soup version 0.18-a0-1285-g60d00e1 (webtiles) character file.

89 Duffy the Conjurer (level 4, -5/24 HPs)
             Began as a Deep Elf Fire Elementalist on Feb 8, 2016.
             Slain by a worm (10 damage)
             ... on level 2 of the Dungeon.
             The game lasted 00:02:09 (1910 turns).

Duffy the Conjurer (Deep Elf Fire Elementalist)     Turns: 1910, Time: 00:02:09

Health: -5/24      AC:  2    Str:  5    XL:     4   Next: 31%
Magic:  3/11       EV: 13    Int: 21    God:
Gold:   39         SH:  0    Dex: 15    Spells: 2 memorised, 6 levels left

rFire  + . .     SeeInvis .     (no weapon)
rCold  x . .     Gourm    .     a - +0 robe
rNeg   . . .     Faith    .     (no shield)
rPois  .         Spirit   .     (no helmet)
rElec  .         Dismiss  .     (no cloak)
rCorr  .         Reflect  .     (no gloves)
SustAt .         Harm     .     (no boots)
MR     .....     Rnd*Tele +     (no amulet)
Stlth  ++........               n - ring of fire
                                m - ring of teleportation (curse)

@: not resistant to hostile enchantments, unstealthy
A: no striking features
a: no special abilities


You were on level 2 of the Dungeon.
You were not hungry.

You visited 1 branch of the dungeon, and saw 2 of its levels.

You collected 39 gold pieces.


   Skills:
 - Level 2.4 Dodging
 - Level 2.4 Stealth
 + Level 3.5 Spellcasting
 * Level 4.0 Conjurations
 * Level 3.7 Fire Magic


You had 6 spell levels left.
You knew the following spells:

 Your Spells              Type           Power        Failure   Level  Hunger
a - Flame Tongue          Conj/Fire      ####.        2%          1    None
l - Conjure Flame         Conj/Fire      ####....     10%         3    ###....

Inventory:

Armour
 a - a +0 robe (worn)
Jewellery
 m - a cursed ring of teleportation (left hand)
 n - a ring of fire (right hand)
Scrolls
 e - 2 scrolls of teleportation
 g - a scroll of identify
 h - a scroll of immolation
Potions
 d - a potion of curing {unknown}
 f - a potion of degeneration {unknown}
 i - 2 potions of flight
 l - 2 potions of ambrosia
Books
 b - a book of Flames
Comestibles
 c - a bread ration
 j - a beef jerky
 k - a chunk of flesh

Dungeon Overview and Level Annotations

Branches:
Dungeon (2/15)

Altars:
Ashenzari
Dithmenos
Fedhas
Gozag
Okawaru
Pakellas
Sif Muna
Vehumet
Yredelemnul


Message History

The worm is heavily wounded.
The worm misses you.
Cast which spell? (? or * to list)
Aiming: Flame Tongue
Press: ? - help, Shift-Dir - straight line, f/p - worm
Aim: a worm (moderately wounded)
You feel a surge of power!
The flame tongue hits the worm.
The worm is heavily wounded.
Cast which spell? (? or * to list)
Aiming: Flame Tongue
Press: ? - help, Shift-Dir - straight line, f/p - worm
Aim: a worm (heavily wounded)
You feel a surge of power!
The flame tongue hits the worm.
The worm is heavily wounded.
The worm bites you!
Cast which spell? (? or * to list)
Aiming: Flame Tongue
Press: ? - help, Shift-Dir - straight line, f/p - worm
Aim: a worm (heavily wounded)
You feel a surge of power!
The flame tongue hits the worm.
The worm is heavily wounded.
The worm bites you!
Cast which spell? (? or * to list)
Aiming: Flame Tongue
Press: ? - help, Shift-Dir - straight line, f/p - worm
Aim: a worm (heavily wounded)
You feel a surge of power!
The flame tongue misses the worm.
Cast which spell? (? or * to list)
Aiming: Flame Tongue
Press: ? - help, Shift-Dir - straight line, f/p - worm
Aim: a worm (heavily wounded)
You feel a surge of power!
The flame tongue hits the worm.
The worm is heavily wounded.
The worm bites you!
You die...

##......#....#
...#####
######.#....#
##### #.######
#.# #.# #.#
#.##########
#...)......#
##########@#
#w# #.# #.#
#.# #.# #.#
..#


You could see a worm.

Action                   |  1- 3 |  4- 6 || total
-------------------------+-------+-------++-------
Melee: Unarmed           |       |     2 ||     2
 Cast: Flame Tongue      |    52 |    31 ||    83
  Use: Scroll            |       |     4 ||     4
  Eat: Chunk             |     1 |     2 ||     3

Notes
Turn   | Place    | Note
--------------------------------------------------------------
     0 | D:1      | Duffy the Deep Elf Fire Elementalist began the quest for the Orb.
     0 | D:1      | Reached XP level 1. HP: 10/10 MP: 6/6
   136 | D:1      | Reached skill level 2 in Conjurations
   297 | D:1      | Reached XP level 2. HP: 15/15 MP: 6/8
   776 | D:1      | Reached skill level 3 in Conjurations
   916 | D:1      | Reached XP level 3. HP: 15/19 MP: 3/9
   973 | D:1      | Learned a level 3 spell: Conjure Flame
  1130 | D:2      | Noticed Jessica
  1136 | D:2      | Killed Jessica
  1308 | D:2      | Reached XP level 4. HP: 24/24 MP: 7/11
  1575 | D:2      | Found a blossoming altar of Fedhas.
  1605 | D:2      | Found a basalt altar of Yredelemnul.
  1605 | D:2      | Found an oddly glowing altar of Pakellas.
  1802 | D:2      | Found an iron altar of Okawaru.
  1802 | D:2      | Found a shadowy altar of Dithmenos.
  1802 | D:2      | Found a deep blue altar of Sif Muna.
  1803 | D:2      | Found an opulent altar of Gozag.
  1803 | D:2      | Found a shattered altar of Ashenzari.
  1803 | D:2      | Found a radiant altar of Vehumet.
  1879 | D:2      | Reached skill level 4 in Conjurations
  1910 | D:2      | Slain by a worm

Vault maps used:
D:1:      denvon_arrival_waterhouse
D:2:      grunt_temple_overflow_open, gammafunk_temple_overflow_wave,
          fedhas_altar_4, uniq_jessica

Vanquished Creatures
  Jessica
  An adder
  An ooze
  2 giant geckos
  2 giant cockroaches
  5 goblins
  7 hobgoblins
  4 jackals
  5 kobolds
  A ball python
  10 bats
  4 giant newts
43 creatures vanquished.
